Map: Deathaura LE

Players

AGOElazer (Elazer) - Winner!

  • Race: Zerg Zerg
  • League: Master
  • Spawn Location: 5:00

HeroMarine

  • Race: Terran Terran
  • League: Master
  • Spawn Location: 11:00

Event: DreamHack SC2 Masters 2020 Fall

VOD

Have the link to the VOD?

Description

Time

  • Played on: Sept. 4, 2020, 12:38 p.m.
  • Length: 10:23

All games in this series

Show
View Real Time Build Order
Export as new Build Order

AGOElazer Zerg - Winner!

Build Orders: Hatch First, Muta Ling Bane, Ravager All-In 

Get SALT Encoding   

  12  0:00  Drone  
  13  0:12  Overlord  
  13  0:16  Drone  
  14  0:30  Drone x2  
  16  0:46  Hatchery  
  15  0:50  Drone  
  15  0:53  Drone  
  18  0:57  Drone  
  18  1:08  Extractor  
  17  1:12  Spawning Pool  
  17  1:15  Drone  
  17  1:18  Drone  
  18  1:27  Drone  
  19  1:38  Drone  
  20  1:49  Drone  
  21  1:58  Queen x2  
  21  1:59  Zergling x2  
  21  2:00  Overlord  
  26  2:11  Drone, Metabolic Boost, Zergling x2  
  28  2:24  Drone x2  
  30  2:32  Drone x2  
  30  2:36  Queen, Spore Crawler  
  34  2:44  Overlord  
  34  2:45  Drone  
  35  2:53  Overlord  
  35  2:55  Drone  
  36  3:04  Drone x2  
  38  3:06  Roach Warren  
  37  3:13  Drone x6  
  43  3:21  Drone x2  
  45  3:27  Extractor  
  45  3:30  Overlord  
  44  3:35  Hatchery  
  43  3:42  Drone x3  
  43  3:43  Overlord  
  43  3:48  Roach x3  
  50  3:52  Roach  
  50  3:53  Roach  
  56  3:58  Roach  
  56  3:59  Overlord  
  58  4:07  Queen  
  58  4:09  Overlord  
  60  4:12  Zergling x6  
  62  4:18  Zergling x4  
  62  4:21  Zergling x6  
  67  4:34  Overlord  
  67  4:36  Drone x2  
  69  4:39  Ravager x4  
  73  4:46  Queen  
  73  4:47  Drone x5, Queen  
  73  4:50  Ravager  
  73  4:51  Drone  
  84  5:06  Drone x5  
  84  5:13  Drone x3  
  75  5:22  Drone x8  
  77  5:28  Drone  
  77  5:29  Hatchery  
  77  5:30  Lair  
  77  5:37  Overlord  
  77  5:38  Zergling x2  
  77  5:41  Zergling x4  
  77  5:47  Drone, Extractor  
  77  5:48  Extractor  
  76  5:51  Drone x3  
  76  5:52  Evolution Chamber x2  
  76  5:54  Baneling Nest  
  76  5:55  Drone  
  76  5:57  Drone x3, Extractor  
  78  5:58  Drone x3, Extractor  
  78  5:59  Drone  
  83  6:04  Zergling x2  
  83  6:07  Overlord  
  83  6:11  Overlord  
  83  6:14  Zergling x2  
  83  6:19  Zerg Ground Armor Level 1, Zergling x2, Zerg Melee Weapons Level 1  
  83  6:20  Zergling x8  
  83  6:23  Zergling x4  
  90  6:26  Zergling x2  
  90  6:29  Zergling x6  
  90  6:31  Spire  
  93  6:36  Zergling x4  
  95  6:40  Centrifical Hooks  
  95  6:42  Drone x3  
  98  6:48  Drone x5  
  98  6:51  Overlord  
  103  6:55  Zergling x8  
  103  6:56  Baneling x3  
  103  6:57  Baneling  
  106  7:02  Drone x2  
  106  7:03  Drone x2  
  106  7:05  Baneling x4  
  106  7:06  Overlord, Baneling x2  
  106  7:07  Zergling x2  
  111  7:10  Zergling x4  
  111  7:15  Zergling x6  
  116  7:22  Overlord  
  114  7:24  Drone x3  
  114  7:25  Drone, Extractor  
  116  7:33  Zergling x6  
  119  7:42  Mutalisk  
  119  7:43  Mutalisk x8  
  137  7:45  Zergling x12  
  137  7:46  Hatchery  
  142  7:51  Baneling x6  
  142  7:56  Zerg Flyer Weapons Level 1  
  142  7:57  Zergling x4  
  144  7:58  Overlord x2  
  144  7:59  Overlord  
  137  8:08  Baneling x9  
  137  8:10  Zergling x20  
  144  8:15  Overlord  
  144  8:17  Zergling x16  
  152  8:20  Extractor  
  152  8:22  Drone  
  152  8:24  Zergling x2  
  153  8:31  Zergling x6  
  153  8:33  Overlord  
  156  8:38  Zergling x6  
  159  8:44  Zergling x24  
  171  8:48  Baneling  
  171  8:49  Baneling x12  
  171  8:51  Zergling x4  
  171  8:52  Baneling  
  171  8:53  Baneling x5  
  173  9:01  Zergling x10  
  175  9:13  Zergling x24  
  175  9:14  Zergling x2  
  182  9:19  Mutalisk x3  
  182  9:22  Pneumatized Carapace  
  183  9:30  Mutalisk x3  
  188  9:33  Overlord  
  188  9:34  Overlord  
  188  9:38  Infestation Pit  
  187  9:48  Mutalisk x3  
  187  9:52  Zergling x20  
  199  9:58  Baneling x14  
  199  10:04  Baneling x5  
Show
View Real Time Build Order
Export as new Build Order

HeroMarine Terran 

Build Orders: Reaper Expand 

Get SALT Encoding   

  12  0:00  SCV  
  13  0:12  SCV  
  14  0:17  Supply Depot  
  14  0:24  SCV  
  15  0:39  Barracks, SCV  
  16  0:44  Refinery  
  16  0:51  SCV  
  17  1:03  SCV  
  18  1:15  SCV  
  19  1:27  Orbital Command, Reaper  
  20  1:40  Command Center  
  20  1:48  Supply Depot  
  20  1:53  SCV  
  21  1:58  Marine  
  22  2:05  SCV  
  22  2:08  Factory  
  23  2:17  SCV  
  23  2:22  Barracks Reactor  
  24  2:29  SCV  
  25  2:41  SCV  
  25  2:42  Command Center  
  26  2:52  Orbital Command  
  26  2:53  SCV  
  27  3:04  Hellion  
  27  3:05  Hellion  
  31  3:07  SCV  
  31  3:12  Barracks Tech Lab  
  32  3:17  SCV  
  34  3:20  SCV  
  34  3:26  Hellion x2  
  34  3:27  Barracks  
  38  3:29  SCV  
  38  3:32  SCV, Marine  
  41  3:34  Stimpack  
  41  3:41  SCV  
  41  3:44  SCV  
  43  3:50  Marine  
  43  3:51  Barracks  
  43  3:53  SCV  
  43  3:55  Refinery  
  45  3:56  SCV  
  45  3:57  Orbital Command  
  45  3:58  Factory Reactor  
  46  4:03  Engineering Bay  
  46  4:06  SCV  
  46  4:08  SCV, Marine  
  49  4:18  SCV  
  49  4:20  SCV  
  49  4:22  Supply Depot  
  49  4:24  Marine x2  
  51  4:25  SCV  
  51  4:26  Marine  
  51  4:30  SCV  
  56  4:31  Terran Infantry Weapons Level 1  
  56  4:32  SCV  
  56  4:34  Refinery  
  56  4:37  SCV  
  58  4:41  Marine  
  58  4:42  Marine  
  58  4:43  Starport  
  58  4:44  SCV x2, Marine  
  58  4:45  Refinery  
  63  4:47  Marine  
  63  4:48  Marine  
  63  4:51  Supply Depot  
  65  4:56  SCV  
  65  4:59  Marine x2  
  67  5:02  Marine  
  67  5:03  SCV x2  
  67  5:04  Factory Tech Lab  
  67  5:05  Marine  
  67  5:06  Marine  
  64  5:08  SCV  
  54  5:17  Marine x2  
  54  5:19  Marine  
  49  5:21  SCV x2  
  49  5:23  Marine  
  48  5:29  SCV  
  48  5:31  Marine  
  48  5:33  SCV  
  48  5:34  Starport Reactor  
  51  5:38  SCV  
  51  5:41  SCV  
  51  5:42  Combat Shield  
  53  5:45  SCV  
  53  5:49  Marine  
  55  5:51  SCV, Marine x2  
  55  5:52  Marine  
  55  5:53  SCV  
  60  5:57  Marine  
  60  6:01  Supply Depot  
  61  6:09  SCV x3, Marine  
  61  6:10  Medivac x2  
  69  6:22  SCV x3, Supply Depot, Marine x3  
  75  6:28  Supply Depot  
  75  6:30  Terran Infantry Armor Level 1  
  75  6:34  SCV x2  
  77  6:43  Siege Tank, SCV, Marine x4  
  85  6:48  Orbital Command  
  85  6:50  Medivac x2, Marine  
  85  6:52  Supply Depot  
  90  6:55  SCV x2, Supply Depot  
  90  7:01  Marine  
  93  7:10  Supply Depot  
  93  7:13  SCV x2  
  93  7:14  SCV  
  96  7:15  Siege Tank, Supply Depot  
  96  7:20  Marine x5  
  104  7:25  SCV x2  
  104  7:26  SCV  
  107  7:31  Medivac  
  107  7:32  Medivac  
  107  7:36  Armory  
  111  7:37  SCV x2  
  111  7:38  Supply Depot, Marine  
  111  7:40  Engineering Bay  
  111  7:41  Marine  
  111  7:42  Marine  
  116  7:44  Marine  
  116  7:45  Marine  
  116  7:47  SCV  
  116  7:50  SCV x2  
  121  8:00  SCV  
  121  8:02  SCV x2  
  116  8:08  Marine x2  
  116  8:09  Marine x2  
  119  8:14  SCV x2  
  119  8:17  Barracks  
  119  8:18  Medivac x2  
  119  8:19  Barracks  
  124  8:21  Factory Reactor  
  124  8:23  Refinery  
  123  8:31  Missile Turret  
  123  8:33  SCV  
  125  8:34  Marine  
  124  8:43  SCV x2  
  124  8:45  SCV, Marine x4  
  131  8:52  Missile Turret x2, Marine  
  132  8:57  SCV x2  
  132  9:00  SCV  
  133  9:02  Marine  
  133  9:05  Supply Depot  
  133  9:06  Supply Depot  
  133  9:07  Missile Turret, Barracks Reactor  
  133  9:08  Marine  
  133  9:13  Factory  
  133  9:15  Barracks Reactor  
  133  9:16  Supply Depot  
  119  9:24  SCV, Marine x4  
  117  9:25  SCV  
  117  9:26  SCV  
  117  9:27  Marine  
  118  9:36  Missile Turret, SCV  
  118  9:37  SCV  
  118  9:38  SCV  
  120  9:42  Marine x4  
  120  9:44  Marine  
  120  9:45  Marine  
  123  9:48  Widow Mine x2, SCV  
  123  9:49  SCV  
  123  9:50  SCV  
  126  9:53  Marine x2  
  123  10:00  SCV, Marine x4  
  123  10:02  Marine  
  123  10:03  Marine  

Tags
 
Add a new tag
Caveats
  • Supply blocks, unpowered buildings, or Contaminate may cause inaccurate times.
  • Supply counts are checked every 10 seconds.